ORI
UNIVERSITY OF VIRGINIA CAVALIERS @ UNIVERSITY OF MIAMI HURRICANES
12/01/2048
 
TOP OF THE 1ST
University of Virginia Cavaliers batting - Pitching for University of Miami Hurricanes : RHP Javier Valverde
Pitching: RHP Javier Valverde
Batting: RHB Scott Anderson 0-0: Called Strike
0-1: Swinging Strike
0-2: DOUBLE (Flyball, 89D, EV 93.1 MPH)
Batting: RHB Luke Bertrand 0-0: Foul Ball, location: 2F
0-1: Swinging Strike
0-2: Ball
1-2: Strikes out swinging
Batting: LHB Alex Aguilar 0-0: Ground out 4-3 (Groundball, 4, EV 95.0 MPH)
Scott Anderson to third
Batting: LHB Edelberto Barbas 0-0: Ball
1-0: Ball
2-0: Called Strike
2-1: Ball
3-1: Called Strike
3-2: Foul Ball, location: 2F
3-2: Foul Ball, location: 2F
3-2: 2-RUN HOME RUN (Flyball, 9D, EV 95.0 MPH), Distance : 362 ft
Batting: LHB Ray Nichter 0-0: Ball
1-0: Called Strike
1-1: Foul Ball, location: 2F
1-2: Ball
2-2: Strikes out swinging
Top of the 1st over - 2 runs, 2 hits, 0 errors, 0 left on base; University of Virginia 2 - University of Miami 0
BOTTOM OF THE 1ST
University of Miami Hurricanes batting - Pitching for University of Virginia Cavaliers : RHP Jayden Currie
Pitching: RHP Jayden Currie
Batting: SHB Taylor Shelton 0-0: Foul Ball, location: 2F
0-1: Ball
1-1: Called Strike
1-2: Ball
2-2: Ball
3-2: Ground out 6-3 (Groundball, 6, EV 91.2 MPH)
Batting: RHB Sam Costello 0-0: Called Strike
0-1: Ball
1-1: Ball
2-1: Reached on error, E4 (Groundball, 4, EV 82.5 MPH)
Batting: RHB Burke Miller 0-0: Called Strike
0-1: Ball
1-1: Foul Ball, location: 2F
1-2: Strikes out looking
Batting: LHB Hector Salazar 0-0: Called Strike
0-1: Fly out, F7 (Flyball, 7D, EV 106.9 MPH)
Bottom of the 1st over - 0 runs, 0 hits, 1 error, 1 left on base; University of Virginia 2 - University of Miami 0
TOP OF THE 2ND
University of Virginia Cavaliers batting - Pitching for University of Miami Hurricanes : RHP Javier Valverde
Batting: RHB Jason Lambert 0-0: Ball
1-0: Swinging Strike
1-1: Ball
2-1: Ground out 5-3 (Groundball, 56, EV 94.4 MPH)
Batting: RHB Nick Cech 0-0: Swinging Strike
0-1: Called Strike
0-2: Strikes out swinging
Batting: RHB Tony Montoya 0-0: Ball
1-0: Ball
2-0: Ball
3-0: Called Strike
3-1: Called Strike
3-2: Strikes out looking
Top of the 2nd over - 0 runs, 0 hits, 0 errors, 0 left on base; University of Virginia 2 - University of Miami 0
BOTTOM OF THE 2ND
University of Miami Hurricanes batting - Pitching for University of Virginia Cavaliers : RHP Jayden Currie
Batting: LHB Addergoole Kartosuwiryo 0-0: Foul Ball, location: 2F
0-1: Foul Ball, location: 2F
0-2: Foul Ball, location: 2F
0-2: Strikes out swinging
Batting: RHB Leonardo Morales 0-0: Ball
1-0: SINGLE (Line Drive, 7S, EV 103.8 MPH)
Batting: RHB Drew Morgenstern 0-0: Called Strike
0-1: Called Strike
0-2: Ball
1-2: Ball
2-2: Ball
3-2: Fielders Choice at 2nd, 6-4 (Groundball, 6, EV 88.8 MPH)
Batting: RHB Anderson Shumate 0-0: Called Strike
Drew Morgenstern is caught stealing 2nd base 2-4
Bottom of the 2nd over - 0 runs, 1 hit, 0 errors, 0 left on base; University of Virginia 2 - University of Miami 0
TOP OF THE 3RD
University of Virginia Cavaliers batting - Pitching for University of Miami Hurricanes : RHP Javier Valverde
Batting: SHB Ethan Lewis 0-0: Called Strike
0-1: Ball
1-1: Fly out, F9 (Line Drive, 9S, EV 86.9 MPH)
Batting: RHB Scott Anderson 0-0: Called Strike
0-1: Foul Ball, location: 2F
0-2: Foul Ball, location: 2F
0-2: Ground out 6-3 (Groundball, 6, EV 79.4 MPH)
Batting: RHB Luke Bertrand 0-0: Called Strike
0-1: Ball
1-1: Foul Ball, location: 2F
1-2: Ball
2-2: Fly out, F9 (Flyball, 9, EV 84.4 MPH)
Top of the 3rd over - 0 runs, 0 hits, 0 errors, 0 left on base; University of Virginia 2 - University of Miami 0
BOTTOM OF THE 3RD
University of Miami Hurricanes batting - Pitching for University of Virginia Cavaliers : RHP Jayden Currie
Batting: RHB Anderson Shumate 0-0: Called Strike
0-1: Swinging Strike
0-2: Foul Ball, location: 2F
0-2: Foul Ball, location: 2F
0-2: Ground out 6-3 (Groundball, 6, EV 82.5 MPH)
Batting: RHB Christian Leschak 0-0: Ball
1-0: Foul Ball, location: 2F
1-1: Swinging Strike
1-2: Strikes out swinging
Batting: SHB Taylor Shelton 0-0: Foul Ball, location: 2F
0-1: Foul Ball, location: 2F
0-2: Ball
1-2: Ball
2-2: Ground out 3-1 (Groundball, 34S, EV 89.4 MPH)
Bottom of the 3rd over - 0 runs, 0 hits, 0 errors, 0 left on base; University of Virginia 2 - University of Miami 0
TOP OF THE 4TH
University of Virginia Cavaliers batting - Pitching for University of Miami Hurricanes : RHP Javier Valverde
Batting: LHB Alex Aguilar 0-0: Swinging Strike
0-1: Called Strike
0-2: Ball
1-2: Ball
2-2: Strikes out swinging
Batting: LHB Edelberto Barbas 0-0: Ball
1-0: SOLO HOME RUN (Flyball, 9D, EV 98.8 MPH), Distance : 363 ft
Batting: LHB Ray Nichter 0-0: Ball
1-0: Ball
2-0: Foul Ball, location: 2F
2-1: Ball
3-1: Called Strike
3-2: Strikes out swinging
Batting: RHB Jason Lambert 0-0: Reached on error, E5 (Groundball, 56, EV 83.1 MPH)
Batting: RHB Nick Cech 0-0: Ball
1-0: Called Strike
1-1: Ball
2-1: Fly out, F7 (Flyball, 78S, EV 86.9 MPH)
Top of the 4th over - 1 run, 1 hit, 1 error, 1 left on base; University of Virginia 3 - University of Miami 0
BOTTOM OF THE 4TH
University of Miami Hurricanes batting - Pitching for University of Virginia Cavaliers : RHP Jayden Currie
Batting: RHB Sam Costello 0-0: Ball
1-0: Foul Ball, location: 2F
1-1: Ground out 5-3 (Groundball, 5L, EV 103.8 MPH)
Batting: RHB Burke Miller 0-0: Called Strike
0-1: Ball
1-1: Swinging Strike
1-2: Ball
2-2: Ball
3-2: Single, Error in OF, E8, batter to second base (Line Drive, 4, EV 96.2 MPH)
Batting: LHB Hector Salazar 0-0: DOUBLE (Line Drive, 78D, EV 109.4 MPH)
Burke Miller scores
Batting: LHB Addergoole Kartosuwiryo 0-0: Called Strike
0-1: Swinging Strike
0-2: Ball
1-2: Strikes out swinging
Batting: RHB Leonardo Morales 0-0: Foul Ball, location: 2F
0-1: Foul Ball, location: 2F
0-2: Ball
1-2: Fly out, F8 (Flyball, 89M, EV 70.6 MPH)
Bottom of the 4th over - 1 run, 2 hits, 1 error, 1 left on base; University of Virginia 3 - University of Miami 1
TOP OF THE 5TH
University of Virginia Cavaliers batting - Pitching for University of Miami Hurricanes : RHP Javier Valverde
Batting: RHB Tony Montoya 0-0: Called Strike
0-1: Foul Ball, location: 2F
0-2: DOUBLE (Flyball, 8RD, EV 87.5 MPH)
Batting: SHB Ethan Lewis 0-0: Called Strike
0-1: Foul Ball, location: 2F
0-2: Strikes out looking
Batting: RHB Scott Anderson 0-0: Ball
1-0: Ground out 6-3 (Groundball, 6, EV 103.8 MPH)
Batting: RHB Luke Bertrand 0-0: Called Strike
0-1: Ball
1-1: Ground out 3-1 (Groundball, 34, EV 106.2 MPH)
Top of the 5th over - 0 runs, 1 hit, 0 errors, 1 left on base; University of Virginia 3 - University of Miami 1
BOTTOM OF THE 5TH
University of Miami Hurricanes batting - Pitching for University of Virginia Cavaliers : RHP Jayden Currie
Batting: RHB Drew Morgenstern 0-0: Ball
1-0: Ball
2-0: Ground out 6-3 (Groundball, 6, EV 89.4 MPH)
Batting: RHB Anderson Shumate 0-0: Called Strike
0-1: Ball
1-1: Called Strike
1-2: Ball
2-2: SINGLE (Groundball, 6M, EV 103.1 MPH) (infield hit)
Batting: RHB Christian Leschak 0-0: Called Strike
0-1: Called Strike
0-2: Foul Ball, location: 2F
0-2: Ball
1-2: Foul Ball, location: 2F
1-2: Ball
2-2: Strikes out swinging
Pitching: RHP Joe Miller
Batting: SHB Taylor Shelton 0-0: Ball
1-0: Ball
2-0: Ball
3-0: Called Strike
3-1: Foul Ball, location: 2F
3-2: Foul Ball, location: 2F
3-2: Base on Balls
Anderson Shumate to second
Batting: RHB Sam Costello 0-0: Called Strike
0-1: Ball
1-1: Ball
2-1: Fielders Choice at 2nd, 6-4 (Groundball, 6, EV 92.5 MPH)
Bottom of the 5th over - 0 runs, 1 hit, 0 errors, 2 left on base; University of Virginia 3 - University of Miami 1
TOP OF THE 6TH
University of Virginia Cavaliers batting - Pitching for University of Miami Hurricanes : RHP Javier Valverde
Batting: LHB Alex Aguilar 0-0: Foul Ball, location: 2F
0-1: Foul Ball, location: 2F
0-2: Foul Ball, location: 2F
0-2: Foul Ball, location: 2F
0-2: Ball
1-2: Foul Ball, location: 2F
1-2: Foul Ball, location: 2F
1-2: Strikes out swinging
Pitching: RHP Ernie Zepeda
Batting: LHB Edelberto Barbas 0-0: Ball
1-0: Foul Ball, location: 2F
1-1: Ball
2-1: Ball
3-1: Base on Balls
Batting: LHB Ray Nichter 0-0: Called Strike
0-1: Fielders Choice at 2nd, 5-4 (Groundball, 56, EV 82.5 MPH)
Batting: RHB Jason Lambert 0-0: Called Strike
0-1: Foul Ball, location: 2F
0-2: Hit by Pitch
Ray Nichter to second
Batting: RHB Nick Cech 0-0: Called Strike
0-1: Called Strike
0-2: Ball
1-2: Ball
2-2: Ball
3-2: Foul Ball, location: 2F
3-2: Base on Balls
Ray Nichter to third
Jason Lambert to second
Batting: RHB Tony Montoya 0-0: Ball
1-0: Ball
2-0: Foul Ball, location: 2F
2-1: Ball
3-1: Base on Balls
Ray Nichter scores
Jason Lambert to third
Nick Cech to second
Batting: SHB Ethan Lewis 0-0: Foul Ball, location: 2F
0-1: Swinging Strike
0-2: Ball
1-2: Hit by Pitch
Jason Lambert scores
Nick Cech to third
Tony Montoya to second
Pitching: RHP Matt Pepin
Batting: RHB Scott Anderson 0-0: Swinging Strike
0-1: Swinging Strike
0-2: Ball
1-2: Ball
2-2: Ball
3-2: Foul Ball, location: 2F
3-2: Foul Ball, location: 2F
3-2: Base on Balls
Nick Cech scores
Tony Montoya to third
Ethan Lewis to second
Batting: RHB Luke Bertrand 0-0: Ball
Wild Pitch!
Tony Montoya scores
Ethan Lewis to third
Scott Anderson to second
1-0: Ball
2-0: Called Strike
2-1: Ground out 6-3 (Groundball, 6, EV 84.4 MPH)
Top of the 6th over - 4 runs, 0 hits, 0 errors, 2 left on base; University of Virginia 7 - University of Miami 1
BOTTOM OF THE 6TH
University of Miami Hurricanes batting - Pitching for University of Virginia Cavaliers : RHP Joe Miller
Batting: RHB Burke Miller 0-0: Swinging Strike
0-1: Ball
1-1: Fly out, F9 (Flyball, 9, EV 90.0 MPH)
Batting: LHB Hector Salazar 0-0: Called Strike
0-1: Called Strike
0-2: Ball
1-2: Reached on error, E4 (Groundball, 4, EV 81.9 MPH)
Batting: LHB Addergoole Kartosuwiryo 0-0: Called Strike
Hector Salazar steals 2nd base
0-1: Foul Ball, location: 2F
0-2: Ball
1-2: Foul Ball, location: 2F
1-2: Ball
2-2: Strikes out swinging
Batting: RHB Leonardo Morales 0-0: Called Strike
0-1: Ball
1-1: Swinging Strike
1-2: Ball
2-2: Strikes out swinging
Bottom of the 6th over - 0 runs, 0 hits, 1 error, 1 left on base; University of Virginia 7 - University of Miami 1
TOP OF THE 7TH
University of Virginia Cavaliers batting - Pitching for University of Miami Hurricanes : RHP Matt Pepin
Batting: LHB Alex Aguilar 0-0: Ball
1-0: Ball
2-0: Ball
3-0: Called Strike
3-1: Base on Balls
Batting: LHB Edelberto Barbas 0-0: Swinging Strike
0-1: Ball
1-1: Fly out, F8 (Flyball, 8RS, EV 91.9 MPH)
Batting: LHB Ray Nichter 0-0: Foul Ball, location: 2F
0-1: Called Strike
0-2: Strikes out swinging
Batting: RHB Jason Lambert 0-0: Ball
1-0: Foul Ball, location: 2F
1-1: Reached on error, E6 (Groundball, 6, EV 80.6 MPH)
Alex Aguilar to second
Batting: RHB Nick Cech 0-0: Foul Ball, location: 2F
0-1: Swinging Strike
0-2: Strikes out looking
Top of the 7th over - 0 runs, 0 hits, 1 error, 2 left on base; University of Virginia 7 - University of Miami 1
BOTTOM OF THE 7TH
University of Miami Hurricanes batting - Pitching for University of Virginia Cavaliers : RHP Joe Miller
Batting: RHB Drew Morgenstern 0-0: Ball
1-0: Swinging Strike
1-1: Foul Ball, location: 2F
1-2: Hit by Pitch
Batting: RHB Anderson Shumate 0-0: Called Strike
0-1: Ball
Drew Morgenstern is caught stealing 2nd base 2-4
1-1: Ball
2-1: Ball
3-1: Called Strike
3-2: Foul Ball, location: 2F
3-2: Ground out U3 (Groundball, 3D, EV 88.1 MPH)
Batting: RHB Christian Leschak 0-0: Ball
1-0: Ball
2-0: Foul Ball, location: 2F
2-1: Ground out 4-3 (Groundball, 4, EV 85.6 MPH)
Bottom of the 7th over - 0 runs, 0 hits, 0 errors, 0 left on base; University of Virginia 7 - University of Miami 1
TOP OF THE 8TH
University of Virginia Cavaliers batting - Pitching for University of Miami Hurricanes : RHP Matt Pepin
Batting: RHB Tony Montoya 0-0: Ball
1-0: Foul Ball, location: 2F
1-1: Swinging Strike
1-2: Strikes out swinging
Batting: SHB Ethan Lewis 0-0: SINGLE (Groundball, 13, EV 88.8 MPH) (infield hit)
Pitching: RHP Terry Johnson
Batting: RHB Scott Anderson 0-0: Called Strike
0-1: Called Strike
Ethan Lewis steals 2nd, throwing error, E2
Ethan Lewis to third
0-2: Foul Ball, location: 2F
0-2: Ball
1-2: Foul Ball, location: 2F
1-2: SINGLE (Groundball, 56S, EV 66.2 MPH) (infield hit)
Ethan Lewis scores
Batting: RHB Luke Bertrand 0-0: Swinging Strike
0-1: Called Strike
Scott Anderson is caught stealing 2nd base 2-4
0-2: DOUBLE (Line Drive, 9LM, EV 105.6 MPH)
Batting: LHB Alex Aguilar 0-0: Ball
1-0: Ground out U3 (Groundball, 3, EV 86.2 MPH)
Top of the 8th over - 1 run, 3 hits, 1 error, 1 left on base; University of Virginia 8 - University of Miami 1
BOTTOM OF THE 8TH
University of Miami Hurricanes batting - Pitching for University of Virginia Cavaliers : RHP Joe Miller
Batting: SHB Taylor Shelton 0-0: Ball
1-0: Foul Ball, location: 2F
1-1: Ball
2-1: Ball
3-1: Base on Balls
Pitching: RHP Moses Villas
Batting: RHB Sam Costello 0-0: Ball
1-0: Ball
2-0: Foul Ball, location: 2F
2-1: Ground out 4-3 (Groundball, 4, EV 107.5 MPH)
Taylor Shelton to second
Batting: RHB Burke Miller 0-0: Called Strike
0-1: Called Strike
0-2: Foul Ball, location: 2F
0-2: Ball
1-2: Foul Ball, location: 2F
1-2: Ball
2-2: Strikes out swinging
Batting: LHB Hector Salazar 0-0: Called Strike
0-1: Ball
1-1: Ball
2-1: Foul Ball, location: 2F
2-2: Foul Ball, location: 2F
2-2: Ball
Wild Pitch!
Taylor Shelton to third
3-2: Base on Balls
Batting: LHB Addergoole Kartosuwiryo 0-0: Called Strike
0-1: Ball
1-1: Ball
2-1: 3-RUN HOME RUN (Flyball, 89XD, EV 103.8 MPH), Distance : 405 ft
Batting: RHB Leonardo Morales 0-0: Reached on error, E2 (Groundball, 2L, EV 66.2 MPH)
Batting: RHB Drew Morgenstern 0-0: Called Strike
0-1: Ball
1-1: Swinging Strike
1-2: Strikes out swinging
Bottom of the 8th over - 3 runs, 1 hit, 1 error, 1 left on base; University of Virginia 8 - University of Miami 4
TOP OF THE 9TH
University of Virginia Cavaliers batting - Pitching for University of Miami Hurricanes : RHP Terry Johnson
Batting: LHB Edelberto Barbas 0-0: Ball
1-0: Called Strike
1-1: Ball
2-1: Called Strike
2-2: Fly out, F9 (Flyball, 9LM, EV 88.8 MPH)
Batting: LHB Ray Nichter 0-0: Ball
1-0: Foul Ball, location: 2F
1-1: Ball
2-1: Called Strike
2-2: Foul Ball, location: 2F
2-2: Foul Ball, location: 2F
2-2: Foul Ball, location: 2F
2-2: Strikes out looking
Batting: RHB Jason Lambert 0-0: Called Strike
0-1: Foul Ball, location: 2F
0-2: Foul Ball, location: 2F
0-2: Foul Ball, location: 2F
0-2: Ball
1-2: Ground out 5-3 (Groundball, 56, EV 85.6 MPH)
Top of the 9th over - 0 runs, 0 hits, 0 errors, 0 left on base; University of Virginia 8 - University of Miami 4
BOTTOM OF THE 9TH
University of Miami Hurricanes batting - Pitching for University of Virginia Cavaliers : RHP Moses Villas
Pitching: RHP Tzu-jao Chen
Batting: RHB Anderson Shumate 0-0: Ball
1-0: Called Strike
1-1: Ball
2-1: Called Strike
2-2: Foul Ball, location: 2F
2-2: Strikes out looking
Batting: RHB Christian Leschak 0-0: Ball
1-0: Ball
2-0: Called Strike
2-1: Ball
3-1: Base on Balls
Batting: SHB Taylor Shelton 0-0: Ball
1-0: Ball
2-0: Ball
3-0: Base on Balls
Christian Leschak to second
Pitching: RHP Ruud van der Meulen
Batting: RHB Sam Costello 0-0: Swinging Strike
0-1: Fly out, F8 (Flyball, 8LD, EV 96.2 MPH)
Batting: RHB Burke Miller 0-0: Ball
1-0: Ball
2-0: Called Strike
2-1: Fly out, F8 (Flyball, 78D, EV 102.5 MPH)
Bottom of the 9th over - 0 runs, 0 hits, 0 errors, 2 left on base; University of Virginia 8 - University of Miami 4
Tuesday, March 28th , 2023 - OOTP Baseball 23.10 Build 110